 Dungeon Crawl Stone Soup version 0.21.0-3-g78d12a8 (webtiles) character file.

118165 shmeve the Severer (level 16, -3/152 HPs)
             Began as a Minotaur Fighter on Jan 11, 2018.
             Was the Champion of Trog.
             Slain by a five-headed hydra (8 damage)
             ... on level 4 of the Swamp.
             The game lasted 01:05:49 (27866 turns).

shmeve the Severer (Minotaur Fighter)              Turns: 27866, Time: 01:05:50

Health: -3/152     AC: 23    Str: 31    XL:     16   Next: 24%
Magic:  15/15      EV: 13    Int:  8    God:    Trog [******]
Gold:   1543       SH:  0    Dex: 14    Spells: 15/15 levels left

rFire    . . .     SeeInvis .   i - +4 war axe (flame)
rCold    . . .     Gourm    .   m - +6 large shield
rNeg     . . .     Faith    +   F - +0 plate armour
rPois    .         Spirit   .   (helmet restricted)
rElec    .         Reflect  .   E - +1 cloak
rCorr    .         Harm     .   h - +2 pair of gloves
MR       +....                  e - +0 pair of boots
Stlth    ..........             b - amulet of faith
HPRegen  0.35/turn              W - ring of the Equinox {Str+4 Int+3}
MPRegen  0.14/turn              a - +3 ring of dexterity

@: confused, studying Axes, very slow
A: retaliatory headbutt, horns 2
a: Berserk, Trog's Hand, Brothers in Arms, Burn Spellbooks, Renounce Religion


You were on level 4 of the Swamp.
You worshipped Trog.
Trog was exalted by your worship.
You were not hungry.

You visited 5 branches of the dungeon, and saw 28 of its levels.
You also visited: Sewer and Ossuary.

You collected 2757 gold pieces.
You spent 1214 gold pieces at shops.

Inventory:

Hand Weapons
 i - a +4 war axe of flaming (weapon)
 O - a +3 antimagic broad axe
Missiles
 r - 7 javelins of penetration
 R - 12 javelins of returning (quivered)
Armour
 e - a +0 pair of boots (worn)
 h - a +2 pair of gloves (worn)
 m - a +6 large shield (worn)
 E - a +1 cloak (worn)
 F - a +0 plate armour (worn)
 S - a scarf of cloud immunity
Jewellery
 a - a +3 ring of dexterity (right hand)
 b - an amulet of faith (around neck)
 u - an uncursed ring of resist corrosion
 W - the ring of the Equinox (left hand) {Str+4 Int+3}
   (You found it on level 12 of the Dungeon)

   [ring of strength]

   It affects your strength (+4).
   It affects your intelligence (+3).
Wands
 P - a wand of digging (22)
Scrolls
 d - 9 scrolls of remove curse
 j - 5 scrolls of teleportation
 o - 16 scrolls of fear
 p - 5 scrolls of blinking
 q - 2 scrolls of fog
 s - 5 scrolls of magic mapping
 v - 4 scrolls of enchant weapon
 B - 2 scrolls of identify
 C - 3 scrolls of holy word
 D - a scroll of brand weapon
 I - a scroll of silence
 N - 4 scrolls of summoning
Potions
 c - 2 potions of cancellation
 g - 16 potions of curing
 k - 4 potions of magic
 l - 8 potions of heal wounds
 x - 2 potions of berserk rage
 A - 2 potions of ambrosia
 J - 2 potions of haste
 L - 2 potions of flight
 Q - 2 potions of brilliance
 T - 2 potions of agility
 U - 2 potions of might
 Y - a potion of resistance
Books
 V - a manual of Axes
Miscellaneous
 t - a phial of floods
Comestibles
 f - 33 rations


   Skills:
 * Level 16.4 Fighting
 * Level 16.9 Axes
 + Level 10.1 Throwing
 + Level 12.4 Armour
 + Level 11.0 Dodging
 * Level 16.3 Shields


You had 15 spell levels left.
You didn't know any spells.

Dungeon Overview and Level Annotations

Branches:
Dungeon (15/15)            Temple (1/1) D:5            Lair (6/6) D:10
  Swamp (4/4) Lair:2        Snake (0/4) Lair:3        Slime (0/5) Lair:6
    Orc (2/2) D:11            Elf (0/3) Orc:2        Vaults (0/5) D:14
 Depths (0/5) D:15

Altars:
Ashenzari
Cheibriados
Dithmenos
Fedhas
Gozag
Kikubaaqudgha
Qazlal
Ru
Trog
Uskayaw
Wu Jian
Xom
Yredelemnul
Zin
Beogh
Jiyva

Shops:
D:7 (   D:10 }   D:13 *   Orc:2 ([:*

Annotations:
Lair:3 exclusion: oklob plant
Lair:4 2 transporters


Innate Abilities, Weirdness & Mutations

You reflexively headbutt those who attack you in melee.
You have a pair of horns on your head.


Message History

The five-headed hydra bites you but does no damage.
The five-headed hydra barely misses you.
The five-headed hydra bites you but does no damage.
You lop one of the five-headed hydra's heads off!
The flame cauterises the wound!
You hit the four-headed hydra. You burn the four-headed hydra.
You headbutt the four-headed hydra.
The four-headed hydra is moderately wounded.
You hack one of the five-headed hydra's heads off!
The flame cauterises the wound!
You hit the four-headed hydra. You burn the four-headed hydra.
Your shield and plate armour prevent you from hitting the five-headed hydra.
You are engulfed in noxious fumes.
You choke on the stench!
You are confused.
* * * LOW HITPOINT WARNING * * *
The five-headed hydra closely misses you.
The five-headed hydra bites you!
* * * LOW HITPOINT WARNING * * *
The five-headed hydra bites you but does no damage.
The five-headed hydra bites you!
You die...

§... ♣♣♣.§≈≈...≈≈≈.≈♣ ♣≈[♣
♣≈..≈≈≈≈≈≈)=≈♣ #≈≈♣
♣♣.....≈≈♣♣≈.♣♣ ♣≈♣♣♣
♣♣♣..≈♣♣♣♣♣...♣♣ #♣...♣♣
♣♣≈.≈≈.♣♣ ♣.≈≈≈≈♣♣ #≈.≈≈[♣♣
♣≈≈....≈♣ ♣.≈≈≈≈.♣
#♣♣".≈≈D.♣♣♣♣♣♣≈≈≈♣♣♣♣♣ ♣.≈≈≈≈≈≈
#≈≈≈≈≈≈≈††♣♣§§D§§≈≈♣ ♣.≈≈≈≈≈≈
#♣.♣≈≈≈≈§.)♣♣k§D@≈≈.♣♣♣♣♣♣.≈≈≈≈≈≈
≈≈≈..≈≈§§♣♣.k≈§D§≈≈♣♣♣.≈≈.♣≈≈≈≈≈.
.≈...≈≈§§♣♣≈≈...♣♣♣♣♣♣≈≈÷..≈≈≈..≈
≈.D≈≈.≈♣≈♣♣≈..♣♣≈♣♣♣♣≈).)≈≈≈≈≈.≈≈
.≈♣♣♣♣♣♣♣♣♣♣≈♣♣♣≈.≈.≈≈≈♣.≈≈≈≈≈≈.♣
.≈♣ ♣♣♣ ♣§§≈≈≈≈.♣.§≈≈≈≈... ≈..♣
♣♣.≈≈≈≈.♣♣♣.≈..≈≈≈


PPPP♣ ♣.§≈≈≈.≈♣♣♣♣♣...≈. P≈P♣♣ ♣♣≈≈≈.♣♣≈♣♣♣♣♣♣≈§♣ You could see a five-headed
hydra, 2 four-headed hydras and 2 swamp drakes.

Vanquished Creatures
  A thorn hunter (Swamp:2)
  A stone giant (Orc:2)
  Nessos (Lair:6)
  4 ettins
  Josephine (D:15)
  A vault guard (D:14)
  An ice dragon (Lair:6)
  9 hydras
  5 catoblepae
  2 ghost crabs (Swamp:4)
  The ghost of blownbattery the Spear-Bearer, a journeyman MfGl of Dithmenos (D:11)
  3 centaur warriors
  10 alligators
  6 two-headed ogres
  2 tengu warriors (D:15)
  7 death yaks (Lair:6)
  A fire crab (Lair:6)
  The ghost of shmeve the Blocker, a novice MiBe of Trog (D:8)
  An unseen horror (D:14)
  A spriggan druid (Swamp:3)
  4 swamp dragons
  4 shambling mangroves
  3 deep elf magi
  A deep elf archer (D:15)
  2 wizards (D:14)
  2 necromancers (D:14)
  5 ugly things
  11 cyclopes
  An orc sorcerer (D:15)
  6 manticores
  Maurice (D:11)
  Psyche (D:10)
  6 black mambas
  A gargoyle (D:11)
  4 centaur skeletons
  9 spiny frogs
  The ghost of sleeves the Firebug, a novice HuFE (D:4)
  7 kobold demonologists
  An efreet (D:14)
  A komodo dragon (shapeshifter) (D:13)
  A rime drake (Lair:3)
  10 komodo dragons
  6 polar bears
  5 tyrant leeches
  A harpy skeleton (D:15)
  5 trolls
  12 hornets
  28 blink frogs
  6 hippogriffs
  10 slime creatures
  4 bog bodies
  A centaur simulacrum (D:14)
  4 wyverns
  4 spriggans
  3 basilisks
  5 wraiths
  2 shadows
  Grum (D:8)
  78 yaks
  20 humans (D:14)
  13 vampire mosquitoes
  2 hungry ghosts
  The ghost of mantisjm the Caller, an amateur MfSu (D:3)
  4 wargs
  15 swamp worms
  5 insubstantial wisps (Swamp:2)
  11 water moccasins
  5 porcupines
  5 swamp drakes
  2 eyes of draining
  3 ice beasts
  10 orc warriors
  5 sky beasts
  13 ogres
  2 phantoms
  2 black bears
  A necrophage (D:10)
  9 wolves
  13 centaurs
  11 big kobolds
  10 crocodiles
  15 bullfrogs
  4 wyvern skeletons
  4 scorpions
  6 killer bees
  2 wights (D:15)
  9 howler monkeys
  A bullfrog zombie (D:10)
  11 crimson imps
  8 centaur zombies
  5 hounds
  A jelly (D:14)
  12 orc priests
  A gnoll shaman (D:8)
  15 orc wizards
  2 bullfrog skeletons
  3 iguanas
  Terence (D:3)
  7 worker ants
  4 big kobold zombies (Ossuary)
  2 hound skeletons
  4 mummies (Ossuary)
  Robin (D:3)
  A howler monkey zombie (D:9)
  3 worker ant zombies
  5 gnolls (D:8)
  17 adders
  A river rat (Sewer)
  2 shadow imps
  4 oozes
  2 adder zombies
  2 adder skeletons
  4 worms
  A dart slug (D:1)
  6 leopard geckos
  66 orcs
  4 ball pythons (Sewer)
  5 giant cockroaches
  14 goblins
  14 hobgoblins
  9 jackals
  14 quokkas
  8 bats
  3 frilled lizards
  5 hobgoblin zombies (Ossuary)
  22 kobolds
  A quokka zombie (D:6)
  14 rats
  A rat zombie (D:6)
  2 briar patches (Swamp:4)
  A bush (Lair:6)
  3 fungi
  2 plants (Lair:6)
832 creatures vanquished.

Vanquished Creatures (collateral kills)
  A kobold demonologist (D:15)
  A vampire mosquito (D:15)
  A big kobold (D:15)
  3 wights (D:15)
6 creatures vanquished.

Vanquished Creatures (others)
  A hydra (Swamp:4)
  A deep elf knight (D:15)
  A spriggan druid (Swamp:4)
  An ugly thing (D:14)
  5 dream sheep (D:6)
  4 briar patches (Swamp:4)
  6 fungi
  3 plants
22 creatures vanquished.

Grand Total: 860 creatures vanquished

Notes
Turn   | Place    | Note
-------+----------+-------------------------------------------
     0 | D:1      | shmeve the Minotaur Fighter began the quest for the Orb.
     0 | D:1      | Reached XP level 1. HP: 19/19 MP: 0/0
   118 | D:1      | Reached XP level 2. HP: 27/27 MP: 1/1
   599 | D:1      | Reached XP level 3. HP: 31/33 MP: 2/2
   950 | D:2      | Found a basalt altar of Yredelemnul.
   953 | D:2      | Found a blossoming altar of Fedhas.
   953 | D:2      | Found an ancient bone altar of Kikubaaqudgha.
   966 | D:2      | Found an ornate altar of the Wu Jian Council.
   970 | D:2      | Found a glowing silver altar of Zin.
  1238 | D:2      | Reached XP level 4. HP: 38/41 MP: 3/3
  1555 | D:3      | Noticed an ogre
  1557 | D:3      | Found a sacrificial altar of Ru.
  1560 | D:3      | Noticed Robin
  1562 | D:3      | Reached skill level 1 in Dodging
  1563 | D:3      | Killed an ogre
  1563 | D:3      | Reached skill level 1 in Throwing
  1563 | D:3      | Reached XP level 5. HP: 14/47 MP: 4/4
  1568 | D:3      | Reached skill level 5 in Fighting
  1569 | D:3      | Killed Robin
  1811 | D:3      | Noticed mantisjm's ghost (amateur MfSu)
  1831 | D:3      | Killed mantisjm's ghost
  1831 | D:3      | Reached skill level 5 in Shields
  1831 | D:3      | Reached XP level 6. HP: 14/56 MP: 5/5
  2186 | D:3      | Noticed Terence
  2189 | D:3      | Killed Terence
  2368 | D:3      | Found a faded altar of an unknown god.
  2524 | D:4      | Noticed sleeves's ghost (novice HuFE)
  2533 | D:4      | Killed sleeves's ghost
  2533 | D:4      | Reached XP level 7. HP: 27/62 MP: 6/6
  2601 | D:4      | Reached skill level 5 in Axes
  3060 | D:4      | Found a glowing drain.
  3069 | Sewer    | Entered a sewer
  3157 | Sewer    | Reached skill level 5 in Armour
  3224 | Sewer    | Reached XP level 8. HP: 70/71 MP: 7/7
  4437 | D:5      | Entered Level 5 of the Dungeon
  4873 | D:5      | Found a staircase to the Ecumenical Temple.
  4896 | Temple   | Entered the Ecumenical Temple
  4902 | Temple   | Became a worshipper of Trog the Wrathful
  4989 | D:6      | Reached XP level 9. HP: 74/81 MP: 8/8
  5112 | D:6      | Found a shimmering altar of Xom.
  5143 | D:6      | Reached * piety under Trog
  5145 | D:6      | Found a sand-covered staircase.
  5158 | Ossuary  | Entered an ossuary
  6100 | D:7      | Reached ** piety under Trog
  6211 | D:7      | Identified the Almanac of Mutagenic Lightness
  6479 | D:7      | Found Ciamn's Weapon Shoppe.
  6971 | D:8      | Reached *** piety under Trog
  6972 | D:8      | Reached skill level 5 in Dodging
  7013 | D:8      | Noticed shmeve's ghost (novice MiBe)
  7036 | D:8      | Killed shmeve's ghost
  7036 | D:8      | Reached XP level 10. HP: 17/91 MP: 9/9
  7640 | D:8      | Noticed Grum
  7652 | D:8      | Killed Grum
  8132 | D:9      | Reached **** piety under Trog
  8290 | D:9      | Paralysed by a hornet for 1 turns
  8294 | D:9      | Paralysed by a hornet for 3 turns
  8526 | D:9      | Reached skill level 5 in Throwing
  8605 | D:9      | Reached skill level 10 in Fighting
  8636 | D:9      | Found a hide-covered altar of Uskayaw.
  8993 | D:10     | Entered Level 10 of the Dungeon
  9159 | D:10     | Found Rinoblea's Gadget Shop.
  9213 | D:10     | Found a staircase to the Lair.
  9235 | D:10     | Noticed a two-headed ogre
  9241 | D:10     | Reached skill level 10 in Shields
  9242 | D:10     | Killed a two-headed ogre
  9243 | D:10     | Noticed a cyclops
  9245 | D:10     | Reached XP level 11. HP: 101/101 MP: 10/10
  9401 | D:10     | Identified Jabluex's Catalogue of Lethal Malediction
  9411 | D:10     | Noticed Psyche
  9416 | D:10     | Killed Psyche
  9416 | D:10     | Reached skill level 10 in Axes
  9637 | D:10     | Found a bloodstained altar of Trog.
  9774 | D:10     | Reached ***** piety under Trog
  9774 | D:10     | Received a gift from Trog
  9813 | D:11     | Noticed Maurice
  9856 | D:11     | Killed Maurice
  9923 | D:11     | Noticed a two-headed ogre
  9925 | D:11     | Noticed blownbattery's ghost (journeyman MfGl)
  9932 | D:11     | Killed a two-headed ogre
  9950 | D:11     | Killed blownbattery's ghost
 10147 | D:11     | Received a gift from Trog
 10578 | D:11     | Found a staircase to the Orcish Mines.
 10639 | D:11     | Received a gift from Trog
 10669 | D:11     | Found a snail-covered altar of Cheibriados.
 10710 | D:11     | Noticed a two-headed ogre
 10719 | D:11     | Killed a two-headed ogre
 11056 | D:12     | Noticed a red ugly thing
 11068 | D:12     | Killed a red ugly thing
 11068 | D:12     | Reached XP level 12. HP: 81/111 MP: 11/11
 11782 | D:12     | Received a gift from Trog
 12352 | D:12     | Got a warped glass ring
 12354 | D:12     | Identified the ring of the Equinox {Str+4 Int+3} (You found it on level 12 of the Dungeon)
 12636 | D:13     | Noticed a two-headed ogre
 12648 | D:13     | Killed a two-headed ogre
 13408 | D:13     | Received a gift from Trog
 13422 | D:13     | Found Fono's General Store.
 13656 | D:14     | Reached XP level 13. HP: 119/119 MP: 12/12
 13685 | D:14     | Received a gift from Trog
 14318 | D:14     | Reached skill level 10 in Armour
 14390 | D:14     | Received a gift from Trog
 14604 | D:14     | Found a gate to the Vaults.
 14986 | D:15     | Entered Level 15 of the Dungeon
 15017 | D:15     | Received a gift from Trog
 15076 | D:15     | Noticed an ettin
 15086 | D:15     | Killed an ettin
 15112 | D:15     | Reached ****** piety under Trog
 15119 | D:15     | Found a staircase to the Depths.
 15722 | D:15     | Noticed Josephine
 15740 | D:15     | Killed Josephine
 15884 | D:15     | Found a bloodstained altar of Trog.
 15896 | D:15     | Reached XP level 14. HP: 130/130 MP: 13/13
 16376 | Lair:1   | Entered Level 1 of the Lair of Beasts
 16609 | Lair:1   | Received a gift from Trog
 17748 | Lair:2   | Found a staircase to the Swamp.
 18340 | Lair:3   | Received a gift from Trog
 18786 | Lair:3   | Found a staircase to the Snake Pit.
 19138 | Lair:4   | Found a transporter.
 19234 | Lair:4   | Received a gift from Trog
 19464 | Lair:4   | You fall through a shaft for 2 floors!
 19464 | Lair:6   | Entered Level 6 of the Lair of Beasts
 19601 | Lair:6   | Found a staircase to the Slime Pits.
 19604 | Lair:6   | Found a viscous altar of Jiyva.
 19741 | Lair:6   | Noticed Nessos
 19754 | Lair:6   | Killed Nessos
 19981 | Lair:6   | Reached skill level 15 in Fighting
 20077 | Lair:6   | Reached skill level 10 in Dodging
 20087 | Lair:6   | Reached skill level 15 in Shields
 20087 | Lair:6   | Reached XP level 15. HP: 117/141 MP: 14/14
 20185 | Lair:6   | Reached skill level 15 in Axes
 21359 | Lair:5   | Received a gift from Trog
 21764 | Lair:4   | Found a transporter.
 21944 | Orc:1    | Entered Level 1 of the Orcish Mines
 22149 | Orc:2    | Entered Level 2 of the Orcish Mines
 22179 | Orc:2    | Received a gift from Trog
 22186 | Orc:2    | Found Laawy's Antique Armour Emporium.
 22296 | Orc:2    | Found Sonaugre's General Store.
 22606 | Orc:2    | Found Rewaomum's Antique Weapon Shoppe.
 22630 | Orc:2    | Found a staircase to the Elven Halls.
 22767 | Orc:2    | Found Xiumnuext's Book Shoppe.
 22818 | Orc:2    | Bought a manual of Axes for 1214 gold pieces
 23117 | Orc:2    | Found a roughly hewn altar of Beogh.
 23381 | Swamp:1  | Entered Level 1 of the Swamp
 24318 | Swamp:1  | You fall through a shaft!
 24431 | Swamp:1  | Received a gift from Trog
 25118 | Swamp:2  | Noticed a thorn hunter
 25129 | Swamp:2  | Killed a thorn hunter
 25788 | Swamp:3  | HP: 4/144 [tyrant leech (29)]
 26325 | Swamp:3  | Reached XP level 16. HP: 151/151 MP: 15/15
 26807 | Swamp:3  | Got a brightly glowing scale mail
 26808 | Swamp:3  | Identified the cursed +0 scale mail of Zennos {+Blink MP+9 Str-2 Stlth-} (You found it on level 3 of the Swamp)
 26935 | Swamp:4  | Entered Level 4 of the Swamp
 26954 | Swamp:4  | Reached skill level 10 in Throwing
 27194 | Swamp:4  | Received a gift from Trog
 27265 | Swamp:4  | Identified a scroll of acquirement
 27419 | Swamp:4  | Noticed a thorn hunter
 27866 | Swamp:4  | HP: 5/152 [five-headed hydra (15)]
 27866 | Swamp:4  | Slain by a five-headed hydra

Skill      XL: |  1  2  3  4  5  6  7  8  9 10 11 12 13 14 15 16 |
---------------+-------------------------------------------------+-----
Fighting       | 4 5 6 7 9 10 11 12 13 15 16 | 16.4
Shields        | 4 5 6 7 9 10 11 12 13 15 16 | 16.3
Axes           | 3 4 5 7 8 9 11 12 13 14 16 | 16.9
Dodging        | 1 2 3 4 5 6 7 8 9 10 11 | 11.0
Throwing       | 1 2 3 4 5 6 7 8 9 10 | 10.1
Armour         | 4 5 6 7 8 9 10 11 12 | 12.4

Action                   |  1- 3 |  4- 6 |  7- 9 | 10-12 | 13-15 | 16-18 || total
-------------------------+-------+-------+-------+-------+-------+-------++-------
Melee: War axe           |   116 |    66 |   497 |   671 |   938 |   113 ||  2401
       Headbutt          |    16 |    11 |    96 |   167 |   280 |    42 ||   612
       Broad axe         |       |       |       |       |   119 |       ||   119
Throw: Tomahawk          |       |       |     6 |     8 |       |       ||    14
       Javelin           |       |       |       |     7 |    21 |    22 ||    50
Invok: Berserk           |       |       |     2 |     8 |     8 |       ||    18
       Burn Spellbooks   |       |       |     1 |     2 |     7 |     1 ||    11
       Trog's Hand       |       |       |     1 |     1 |     2 |     1 ||     5
       Brothers in Arms  |       |       |       |       |     1 |       ||     1
  Use: Scroll            |     6 |     4 |     9 |     3 |     5 |    19 ||    46
       Potion            |       |     1 |       |       |     4 |     1 ||     6
 Stab: Distracted        |       |       |       |       |     1 |       ||     1
       Petrified         |       |       |       |       |     6 |       ||     6
  Eat: Chunk             |     1 |     4 |    14 |    27 |    37 |     1 ||    84
       Ration            |       |       |     1 |     1 |     4 |     2 ||     8
Armor: Chain mail        |   108 |    66 |   158 |       |       |       ||   332
       Scale mail        |     3 |       |       |       |       |       ||     3
       Plate armour      |       |       |    35 |   224 |   353 |    80 ||   692
Dodge: Dodged            |    46 |    20 |    80 |   110 |   224 |    49 ||   529
Block: Shield            |    86 |       |       |       |       |       ||    86
       Large shield      |     8 |    87 |   467 |   809 |  1370 |   146 ||  2887
